 Dungeon Crawl Stone Soup version 0.27-a0-1217-g8a41f320e8 (webtiles) character file.

Game seed: 14042879615084219157

68 Shayle the Skirmisher (level 4, -7/48 HPs)
             Began as an Ogre Warper on June 5, 2021.
             Blown up by a hobgoblin (12 damage)
             ... with a mindburst bolt
             ... on level 4 of the Dungeon.
             The game lasted 00:07:10 (2631 turns).

Shayle the Skirmisher (Ogre Warper)                 Turns: 2631, Time: 00:07:11

Health: -7/48      AC:  4    Str: 15    XL:     4   Next: 19%
Magic:  7/7        EV: 10    Int: 15    God:
Gold:   77         SH:  0    Dex:  8    Spells: 2/7 levels left

rFire    . . .     SeeInvis .   a - +0 mace
rCold    . . .     Faith    .   (no shield)
rNeg     . . .     Spirit   .   b - +1 robe
rPois    .         Reflect  .   (helmet restricted)
rElec    .         Harm     .   (no cloak)
rCorr    .         Rampage  .   (gloves unavailable)
Will     .....                  (boots unavailable)
Stlth    +.........             (no amulet)
HPRegen  0.16/turn              (no ring)
MPRegen  0.10/turn              (no ring)

@: no status effects
A: large, unfitting armour, tough skin 1
a: no special abilities


You were on level 4 of the Dungeon.
You visited 1 branch of the dungeon, and saw 4 of its levels.

You collected 225 gold pieces.
You spent 148 gold pieces at shops.

Inventory:

Hand Weapons
 a - a +0 mace (weapon)
Armour
 b - a +1 robe (worn)
Scrolls
 c - a scroll of teleportation {unknown}
 d - a scroll of blinking
 f - a scroll of identify {unknown}
 l - a scroll of enchant armour
Potions
 e - a potion of might {unknown}
 g - a potion of haste {unknown}
 h - a potion of curing
 i - a potion of heal wounds
 j - a potion of flight
 k - a potion of degeneration
 m - a potion of attraction {unknown}


   Skills:
 + Level 3.9 Fighting
 + Level 2.6 Maces & Flails
 - Level 1.0 Throwing
 + Level 3.0 Dodging
 - Level 2.4 Spellcasting
 - Level 2.6 Translocations


You had 2 spell levels left.
You knew the following spells:

 Your Spells              Type           Power      Damage    Failure   Level
a - Blink                 Tloc           N/A        N/A       11%         2
b - Teleport Other        Tloc           9%         N/A       22%         3

Your spell library contained the following spells:

 Spells                   Type           Power      Damage    Failure   Level
 Animate Skeleton         Necr           2%         N/A       22%         1
 Pain                     Necr           4%         1d4       22%         1
 Gell's Gravitas          Tloc           4%         N/A       22%         3
 Lesser Beckoning         Tloc           4%         N/A       22%         3
 Vampiric Draining        Necr           0%         2d6       54%         3
 Manifold Assault         Tloc           9%         N/A       89%         5
 Animate Dead             Necr           0%         N/A       91%         4
 Agony                    Necr           1%         N/A       99%         5


Dungeon Overview and Level Annotations

Branches:
Dungeon (4/15)
 Temple: D:4-7

Altars:

Shops:
D:1 =   D:2 [!!*   D:3 (

Annotations:
D:3 1 runed translucent door, Crazy Yiuf, Sigmund


Innate Abilities, Weirdness & Mutations

You are too large for most types of armour.
You have tough skin. (AC +1)


Message History

The adder barely misses you. The hobgoblin misses you.
You hit the adder.
The adder is heavily wounded.
The adder bites you. The hobgoblin hits you.
The adder bites you but does no damage.
You closely miss the adder.
The adder is heavily wounded.
The hobgoblin closely misses you. The adder bites you but does no damage.
The hobgoblin hits you but does no damage.
You hit the adder.
The adder is almost dead.
The adder bites you. x2
The hobgoblin hits you but does no damage.
You barely miss the adder.
The adder is almost dead.
The adder bites you but does no damage.
A hobgoblin comes into view.
It is wielding a +0 mace and carrying a wand of mindburst (16).
The hobgoblin hits you. The adder barely misses you.
The hobgoblin shouts!
You hit the adder.
You kill the adder!
The hobgoblin hits you but does no damage.
Your Dodging skill increases to level 3!
The hobgoblin hits you.
The hobgoblin zaps a wand.
Your mind is blasted!
Ouch! That really hurt!
* * * LOW HITPOINT WARNING * * *
Found 9 gold pieces.
You see here an adder corpse.
You hit the hobgoblin.
The hobgoblin is heavily wounded.
The hobgoblin hits you.
* * * LOW HITPOINT WARNING * * *
The worm bites you.
* * * LOW HITPOINT WARNING * * *
The hobgoblin barely misses you.
You hit the hobgoblin.
The hobgoblin is almost dead.
The hobgoblin closely misses you.
The hobgoblin zaps a wand.
Your mind is blasted!
You die...

....##############
..................
#+ ####...#####.###
#.######...#####.###
#.................).
##...###########)###
#...# #####'###
#...# #[.......
#w@g# #........
..........#
#........
..........#
#........
...g......#
#........
........(.#
#........
..........#
#........
....$.#####
#........ ..$...
#........ #........


You could see a worm and 2 hobgoblins.

Vanquished Creatures
  2 adders
  A worm (D:2)
  2 dart slugs
  4 endoplasms
  A giant cockroach (D:2)
  6 goblins
  4 hobgoblins
  4 jackals (D:1)
  2 quokkas (D:2)
  2 ball pythons
  4 bats
  4 frilled lizards
  4 kobolds
  2 rats
42 creatures vanquished.

Notes
Turn   | Place    | Note
-------+----------+-------------------------------------------
     0 | D:1      | Shayle the Ogre Warper began the quest for the Orb.
     0 | D:1      | Reached XP level 1. HP: 22/22 MP: 3/3
   330 | D:1      | Reached XP level 2. HP: 28/31 MP: 5/5
   574 | D:1      | Found a faded altar of an unknown god.
   652 | D:1      | Learned a level 2 spell: Blink
   836 | D:1      | Reached XP level 3. HP: 30/37 MP: 6/6
   890 | D:1      | Found Asiajun's Jewellery Shop.
  1149 | D:2      | Found Soabesumm's Antique Armour Boutique.
  1191 | D:2      | Found Lassufij's Distillery.
  1192 | D:2      | Found Ynwol's Distillery.
  1199 | D:2      | Bought a potion of curing for 36 gold pieces
  1199 | D:2      | Bought a potion of heal wounds for 60 gold pieces
  1207 | D:2      | Bought a potion of flight for 39 gold pieces
  1207 | D:2      | Bought a potion of degeneration for 13 gold pieces
  1605 | D:2      | Found Vera's General Store.
  2042 | D:3      | Found Qaufeabe's Weapon Shop.
  2071 | D:3      | Noticed an ogre
  2287 | D:3      | Reached XP level 4. HP: 45/48 MP: 7/7
  2388 | D:3      | Found a runed translucent door.
  2389 | D:3      | Noticed Crazy Yiuf
  2444 | D:3      | Noticed Sigmund
  2580 | D:4      | Learned a level 3 spell: Teleport Other
  2631 | D:4      | Blown up by a hobgoblin

Illustrated notes

Levels and vault maps discovered:
D:1:      lightli_arrival_statuegarden, layout_basic,
          ebering_ecumenical_altar_sacrificial, serial_shops, shop_coins,
          chequers_serial_rivers_room_a
D:2:      layout_rooms, serial_shops, nicolae_shop_behind_doors,
          nicolae_shop_crystal, shop, shop
D:3:      layout_loops_ring, serial_shops, shop, uniq_robin, uniq_sigmund,
          uniq_crazy_yiuf_cottage
D:4:      layout_basic, amethyst_overflow_temple_binary, serial_shops,
          nicolae_shop_stone, minmay_distorted

Skill      XL: |  1  2  3  4 |
---------------+-------------+-----
Fighting       | 3 |  3.9
Maces & Flails | 2 |  2.6
Dodging        | 3 |  3.0
Throwing       | |  1.0
Spellcasting   | |  2.4
Translocations | |  2.6

Action                   |  1- 3 |  4- 6 || total
-------------------------+-------+-------++-------
Melee: Mace              |   147 |    20 ||   167
Throw: Boomerang         |     5 |       ||     5
  Use: Scroll            |     3 |     1 ||     4
Armor: Robe              |    52 |    12 ||    64
Dodge: Dodged            |    95 |    20 ||   115

Table legend: (Time is in decaauts)
 A = Elapsed time spent in this place.
 B = Non-inter-level travel time spent in this place.
 C = Inter-level travel time spent in this place.
 D = Time resting spent in this place.
 E = Time spent auto-exploring this place.
 F = Levels seen in this place.
 G = Mean time per level.
                   A        B        C        D        E       F      G
               +--------+--------+--------+--------+--------+-----+--------+
         Total |   2680 |   2615 |     65 |    468 |   1404 |   4 |  670.0 |
       Dungeon |   2680 |   2615 |     65 |    468 |   1404 |   4 |  670.0 |
               +--------+--------+--------+--------+--------+-----+--------+

Top non-repeatable levels by time:
     D:2: 1272 daAuts
     D:1: 954 daAuts
     D:3: 359 daAuts
     D:4: 95 daAuts
